 Dungeon Crawl Stone Soup version 0.31-a0-977-gc230f8ef24 (webtiles) character file.

Game seed: 13033841433566250629

2167 Hooloovoo the Fighter (level 9, 0/85 HPs)
             Began as a Minotaur Monk on Oct 29, 2023.
             Was a Follower of the Shining One.
             Slain by a killer bee (2 damage)
             ... on level 7 of the Dungeon on Oct 30, 2023.
             The game lasted 01:01:50 (4775 turns).

Hooloovoo the Fighter (Minotaur Monk)               Turns: 4775, Time: 01:01:50

Health: 0/85       AC: 11    Str: 20    XL:     9   Next: 10%
Magic:  8/8        EV: 12    Int:  7    God:    the Shining One [*.....]
Gold:   399        SH:  0    Dex: 13    Spells: 8/8 levels left

rFire   . . .        N - +0 war axe
rCold   + + +        d - orb {light}
rNeg    . . .        n - +0 scale mail
rPois   .            (helmet restricted)
rElec   +            s - +0 cloak
rCorr   .            (no gloves)
SInv    .            e - +0 pair of boots
Will    +....        X - amulet of Needeacw {Faith rElec rC+++ Will+ Regen+} Stlth
                     y - ring of protection from cold
HPRegen 1.14/turn    (no ring)
MPRegen 0.11/turn

%: faith
@: confused, lethally poisoned (0 -> -13), ambrosia-drunk, glowing, fire
susceptible
A: horns 2, retaliatory headbutt
a: Renounce Religion, Divine Shield


You were on level 7 of the Dungeon.
You worshipped the Shining One.
The Shining One was aware of your devotion.
You visited 2 branches of the dungeon, and saw 8 of its levels.
You also visited: Ossuary.

You collected 399 gold pieces.

Inventory:

Hand Weapons
 a - a +0 hand axe
 i - a +0 whip
 o - a +0 sling
 H - the +0 dagger "Kymeuf" {flame, rN+ rCorr Dex+2 Stlth-}
   (You found it on level 4 of the Dungeon)

   Dex+2:     It affects your dexterity (+2).
   rN+:       It protects you from negative energy.
   rCorr:     It protects you from acid and corrosion.
   Stlth-:    It makes you less stealthy.
 N - a +0 war axe (weapon)
 V - a +2 flail of protection
 W - a +0 shortbow
 Y - a +4 falchion
 Z - a +3 scimitar
Armour
 b - a +0 robe
 d - an orb of light (worn)
 e - a +0 pair of boots (worn)
 f - a +0 ring mail
 g - a +0 leather armour
 n - a +0 scale mail (worn)
 s - a +0 cloak (worn)
 B - a +0 ring mail
Magical Staves
 M - a staff of fire
Jewellery
 y - a ring of protection from cold (left hand)
 G - an amulet of regeneration
 X - the amulet of Needeacw (around neck) {Faith rElec rC+++ Will+ Regen+}
   (You found it on level 5 of the Dungeon)

   [amulet of faith]

   Faith:     It allows you to gain divine favour quickly.
   rC+++:     It renders you almost immune to cold.
   rElec:     It insulates you from electricity.
   Will+:     It increases your willpower.
   Regen+:    It increases your rate of health regeneration.
Talismans
 R - a blade talisman
Wands
 z - a wand of acid (12)
 I - a wand of paralysis (6)
 O - a wand of roots (6)
Scrolls
 h - 2 scrolls of noise {unknown}
 j - a scroll of fog {unknown}
 k - 11 scrolls of identify {unknown}
 l - a scroll of silence {unknown}
 m - a scroll of amnesia {unknown}
 q - 2 scrolls of vulnerability {unknown}
 u - a scroll of immolation {unknown}
 x - a scroll of fear {unknown}
 D - 4 scrolls of revelation {unknown}
 E - a scroll of butterflies {unknown}
 F - 2 scrolls of teleportation {unknown}
 L - a scroll of acquirement {unknown}
 S - 2 scrolls of enchant weapon {unknown}
Potions
 c - a potion of ambrosia
 p - a potion of might {unknown}
 r - a potion of degeneration {unknown}
 t - 3 potions of invisibility {unknown}
 v - a potion of cancellation {unknown}
 w - a potion of berserk rage {unknown}
 A - a potion of haste {unknown}
 C - 4 potions of attraction {unknown}
 J - 4 potions of heal wounds {unknown}
 K - 2 potions of curing {unknown}
 P - a potion of resistance {unknown}
 Q - a potion of brilliance {unknown}
 T - 2 potions of lignification {unknown}
 U - a potion of mutation {unknown}


   Skills:
 + Level 9.9 Fighting
 - Level 4.3 Axes
 + Level 8.9 Armour
 + Level 6.1 Dodging
 + Level 1.3 Stealth


You had 8 spell levels left.
You didn't know any spells.
Your spell library contained the following spells:

 Spells                   Type           Power      Damage    Failure   Level
 Ensorcelled Hibernation  Hex/Ice        0%         N/A       86%         2
 Passwall                 Tmut/Erth      0%         N/A       86%         2
 Poisonous Vapours        Pois/Air       0%         N/A       86%         2
 Sublimation of Blood     Necr           0%         N/A       86%         2
 Mephitic Cloud           Conj/Pois/Air  0%         N/A       98%         3
 Ozocubu's Armour         Ice            0%         N/A       98%         3
 Swiftness                Air            0%         N/A       98%         3
 Petrify                  Tmut/Erth      0%         N/A       100%        4
 Freezing Cloud           Conj/Ice/Air   0%         6-21      100%        5
 Irradiate                Conj/Tmut      0%         3d11      100%        5
 Ozocubu's Refrigeration  Ice            0%         4d7       100%        7


Dungeon Overview and Level Annotations

Branches:
Dungeon (7/15)             Temple (1/1) D:7         Ossuary (visited)

Altars:
Dithmenos
Elyvilon
Fedhas
Gozag
Hepliaklqana
Makhleb
Nemelex Xobeh
Okawaru
Sif Muna
Trog
Uskayaw
Vehumet
Wu Jian
Xom
Yredelemnul
Zin
The Shining One
Ignis

Shops:
D:2 [   D:6 *


Innate Abilities, Weirdness & Mutations

You have a pair of horns on your head.
You reflexively headbutt those who attack you in melee.


Message History

* * * LOW HITPOINT WARNING * * *
You are lethally poisoned!
The killer bee poisons you!
The phantom hits you but does no damage.
The killer bee misses you. You furiously retaliate!
You headbutt the killer bee.
The killer bee stings you but does no damage. x2
The phantom hits you but does no damage.
Okay, then.
You are confused.
You feel invigorated.
* * * LOW HITPOINT WARNING * * *
You feel very sick. The killer bee stings you.
* * * LOW HITPOINT WARNING * * *
The killer bee barely misses you.
The killer bee stings you but does no damage. x2
The killer bee stings you.
* * * LOW HITPOINT WARNING * * *
You are more poisoned.
The killer bee poisons you! The phantom misses you.
You miss the killer bee. You headbutt the killer bee!
The killer bee is severely wounded.
You hit the killer bee. You slash the phantom!
You destroy the phantom!
The Shining One accepts your kill.
You closely miss the killer bee.
* * * LOW HITPOINT WARNING * * *
You feel extremely sick.
The killer bee stings you but does no damage. x2
The killer bee barely misses you. x2; The killer bee stings you.
* * * LOW HITPOINT WARNING * * *
You are more poisoned.
The killer bee poisons you! The killer bee closely misses you. x2
* * * LOW HITPOINT WARNING * * *
You feel extremely sick. The killer bee barely misses you.
The killer bee closely misses you. x2
The killer bee stings you but does no damage.
The killer bee stings you.
You die...

..... ..... #######
....+### . .......
.......... .......
.♣♣........ .....
.♣..♣.....#######....
...♣♣.....##.......#
_.†........#.......#
...♣♣......+...y@(.#
.♣..♣......#...yyy.#
.♣♣........#.<.....#
...........#.......#
...........#.......#
...#.......#.......#
...#.......#.......#
...#.......#.......#
...#.......#.......#


You could see 4 killer bees.

Vanquished Creatures
  A wyvern (D:6)
  Menkaure (Ossuary)
  Edmund (D:6)
  A water moccasin (D:5)
  An ice beast (D:7)
  2 sky beasts
  A black bear (D:4)
  An ogre (D:4)
  2 centaurs
  2 phantoms
  A kobold brigand (D:7)
  3 scorpions
  4 wights (D:7)
  A jelly (D:6)
  2 hounds
  Jessica (D:3)
  A sleepcap (D:6)
  An orc wizard (D:5)
  3 iguanas
  4 mummies
  8 adders
  2 shadow imps
  A worm (D:2)
  A dart slug (D:1)
  4 orcs
  4 ball pythons
  3 endoplasms
  A giant cockroach (D:4)
  5 gnoll zombies (Ossuary)
  7 goblins
  5 hobgoblins
  7 jackals
  11 kobolds
  3 quokkas
  A bat (D:2)
  3 frilled lizards
  2 gnoll skeletons (Ossuary)
  8 goblin skeletons (Ossuary)
  5 goblin zombies
  5 hobgoblin skeletons (Ossuary)
  4 hobgoblin zombies (Ossuary)
  5 kobold skeletons (Ossuary)
  8 kobold zombies
  4 orc skeletons (Ossuary)
  3 orc zombies (Ossuary)
  7 rats
  A rat skeleton (Ossuary)
  2 rat zombies (Ossuary)
  A spectral kobold (D:1)
155 creatures vanquished.

Notes
Turn   | Place    | Note
-------+----------+-------------------------------------------
     0 | D:1      | Hooloovoo the Minotaur Monk began the quest for the Orb.
     0 | D:1      | Reached XP level 1. HP: 19/19 MP: 0/0
   109 | D:1      | Found a faded altar of an unknown god.
   120 | D:1      | Prayed at the altar of an unknown god.
   120 | D:1      | Became a worshipper of Ignis, the Dying Flame
   120 | D:1      | Reached ****** piety under Ignis
   139 | D:1      | Reached XP level 2. HP: 27/27 MP: 1/1
   196 | D:1      | Reached skill level 4 in Fighting
   679 | D:2      | Reached XP level 3. HP: 33/33 MP: 2/2
   729 | D:2      | Found Woepol's Antique Armour Shoppe.
   841 | D:2      | Noticed a phantom
   851 | D:2      | Killed a phantom
   852 | D:2      | Reached XP level 4. HP: 39/41 MP: 3/3
  1100 | D:2      | Reached XP level 5. HP: 47/47 MP: 4/4
  1382 | D:3      | Reached skill level 5 in Fighting
  1647 | D:3      | Noticed Jessica
  1654 | D:3      | Killed Jessica
  1921 | D:4      | Identified the +0 dagger "Kymeuf" {flame, rN+ rCorr Dex+2
                  | Stlth-}
  2043 | D:4      | Found a shadowy altar of Dithmenos.
  2102 | D:4      | Noticed a black bear
  2109 | D:4      | Killed a black bear
  2110 | D:4      | Reached XP level 6. HP: 51/57 MP: 5/5
  2245 | D:4      | Reached skill level 6 in Fighting
  2308 | D:4      | Reached skill level 5 in Armour
  2435 | D:5      | Entered Level 5 of the Dungeon
  2572 | D:5      | Noticed a sky beast
  2584 | D:5      | Killed a sky beast
  2585 | D:5      | Reached XP level 7. HP: 61/64 MP: 6/6
  2658 | D:5      | Reached skill level 5 in Dodging
  2885 | D:5      | Reached skill level 7 in Fighting
  2934 | D:5      | Found an opulent altar of Gozag.
  2934 | D:5      | Found a sparkling altar of Nemelex Xobeh.
  3031 | D:6      | Found Jonomp's Neck Hole.
  3204 | D:6      | Found an ornate altar of the Wu Jian Council.
  3336 | D:6      | Found a sand-covered staircase.
  3370 | Ossuary  | Entered an ossuary
  3631 | Ossuary  | Noticed Menkaure
  3636 | Ossuary  | Killed Menkaure
  3637 | Ossuary  | Reached XP level 8. HP: 38/74 MP: 7/7
  3640 | Ossuary  | Reached skill level 1 in Stealth
  3951 | D:6      | Noticed Edmund
  3966 | D:6      | Killed Edmund
  3967 | D:6      | Reached skill level 8 in Fighting
  4159 | D:5      | Identified the amulet of Needeacw {Faith rElec rC+++ Will+
                  | Regen+}
  4256 | D:6      | Reached skill level 9 in Fighting
  4428 | D:7      | Found a glowing golden altar of the Shining One.
  4440 | D:7      | Fell from the grace of Ignis
  4440 | D:7      | Became a worshipper of the Shining One
  4593 | D:7      | Found a staircase to the Ecumenical Temple.
  4603 | D:7      | Reached XP level 9. HP: 66/82 MP: 8/8
  4613 | Temple   | Entered the Ecumenical Temple
  4760 | D:7      | Reached * piety under the Shining One
  4775 | D:7      | HP: 2/85 [poisoned by a killer bee]
  4775 | D:7      | Slain by a killer bee

Illustrated notes

Levels and vault maps discovered:
D:1:      mrwooster_arrival_arrow, layout_basic,
          dreamdust_ecumenical_altar_drowned_temple
D:2:      layout_loops_ring, serial_shops, shop, minmay_unequal
D:3:      layout_basic, nicolae_half_adder, uniq_jessica
D:4:      layout_gridville, mainiacjoe_overflow_catwalk
D:5:      layout_basic, grunt_temple_overflow_opulence, kennysheep_diamond,
          sword_in_stone
D:6:      layout_loops_cross, mainiacjoe_overflow_24_doors,
          nicolae_ossuary_entry_giza, kennysheep_cluttered_room,
          nicolae_shop_sticking_my_neck_out, uniq_edmund
D:7:      layout_gridville, mainiacjoe_overflow_small_starburst,
          minmay_temple_entry_sparse_star
Temple:   nicolae_temple_ecumenical_triangle

Skill      XL: |  1  2  3  4  5  6  7  8 |
---------------+-------------------------+-----
Axes           | 4 |  4.3
Fighting       | 4 5 6 7 9 |  9.9
Armour         | 2 4 5 6 8 |  8.9
Dodging        | 4 5 6 |  6.1
Stealth        | 1 |  1.3

Action                     |  1- 3 |  4- 6 |  7- 9 || total
---------------------------+-------+-------+-------++-------
  Melee: Hand axe          |    59 |    74 |       ||   133
         Headbutt          |    13 |    25 |    35 ||    73
         War axe           |       |     5 |   192 ||   197
    Use: Potion            |       |       |     1 ||     1
 Armour: Ring mail         |    15 |       |       ||    15
         Scale mail        |    21 |    46 |   182 ||   249
  Dodge: Dodged            |    25 |    38 |   135 ||   198

Table legend: (Time is in decaauts)
 A = Elapsed time spent in this place.
 B = Non-inter-level travel time spent in this place.
 C = Inter-level travel time spent in this place.
 D = Time resting spent in this place.
 E = Time spent auto-exploring this place.
 F = Levels seen in this place.
 G = Mean time per level.
                   A        B        C        D        E       F      G
               +--------+--------+--------+--------+--------+-----+--------+
         Total |   4842 |   1168 |   3674 |      0 |      0 |   9 |  538.0 |
       Dungeon |   4437 |    803 |   3634 |      0 |      0 |   7 |  633.9 |
        Temple |     43 |      3 |     40 |      0 |      0 |   1 |   43.0 |
       Ossuary |    362 |    362 |      0 |      0 |      0 |   1 |  362.0 |
               +--------+--------+--------+--------+--------+-----+--------+

Top non-repeatable levels by time:
     D:6: 875 daAuts
     D:2: 818 daAuts
     D:5: 660 daAuts
     D:4: 657 daAuts
     D:3: 527 daAuts
     D:7: 454 daAuts
     D:1: 443 daAuts
 Ossuary: 362 daAuts
  Temple: 43 daAuts
